 Dungeon Crawl Stone Soup version 0.29-a0-320-g9f8742066b (webtiles) character file.

Game seed: 18438875085470805550

9 Bnni the Skirmisher (level 2, -1/21 HPs)
             Began as an Octopode Fighter on Apr 3, 2022.
             Slain by a hobgoblin (2 damage)
             ... on level 1 of the Dungeon.
             The game lasted 00:00:19 (75 turns).

Bnni the Skirmisher (Octopode Fighter)                Turns: 75, Time: 00:00:19

Health: -1/21      AC:  1    Str: 15    XL:     2   Next: 16%
Magic:  2/2        EV: 13    Int: 10    God:
Gold:   0          SH:  4    Dex: 11    Spells: 1/1 levels left

rFire   . . .      SeeInvis .     - Unarmed
rCold   . . .      Faith    .   a - +0 buckler
rNeg    . . .      Spirit   .   (helmet restricted)
rPois   .          Reflect  .   (no amulet)
rElec   .          Harm     .   (no ring)
rCorr   .          Rampage  .   (no ring)
Will    .....                   (no ring)
Stlth   ++........              (no ring)
HPRegen 0.07/turn               (no ring)
MPRegen 0.08/turn               (no ring)
                                (no ring)
                                (no ring)

@: no status effects
A: almost no armour, amphibious, 8 rings, camouflage 1, gelatinous body 1,
(nimble swimmer 1), tentacles
a: no special abilities


You were on level 1 of the Dungeon.
You visited 1 branch of the dungeon, and saw 1 of its levels.

Inventory:

Armour
 a - a +0 buckler (worn)
Scrolls
 c - a scroll of summoning {unknown}
Potions
 b - a potion of might


   Skills:
 + Level 3.2 Fighting
 - Level 3.0 Dodging
 - Level 3.0 Shields
 * Level 2.5 Unarmed Combat


You had one spell level left.
You didn't know any spells.
Your spell library was empty.

Dungeon Overview and Level Annotations

Branches:
Dungeon (1/15)

Altars:


Innate Abilities, Weirdness & Mutations

You cannot wear most types of armour.
You are amphibious.
You can wear up to eight rings at the same time.
Your skin changes colour to match your surroundings (Stealth+).
Your rubbery body absorbs attacks. (AC +1, EV +1)
((You are camouflaged when in or above water. (Stealth+)))
You have tentacles for arms and can constrict up to eight enemies at once.


Message History

The jackal bites you.
You tentacle-slap the jackal but do no damage.
You squeeze the jackal.
You kill the jackal!
You block the jackal's attack.
You tentacle-slap the quokka. Your grab misses the quokka.
The quokka is severely wounded.
The jackal bites you. The quokka barely misses you.
You are too injured to fight recklessly!
You are too injured to fight recklessly!
Unknown command.
You closely miss the quokka. Your grab misses the quokka.
Your squeeze misses the quokka.
The quokka is severely wounded.
The jackal closely misses you. The quokka barely misses you.
The hobgoblin hits you.
* * * LOW HITPOINT WARNING * * *
The jackal barely misses you.
You closely miss the quokka. Your grab misses the quokka.
You squeeze the quokka.
You kill the quokka!
The hobgoblin hits you.
* * * LOW HITPOINT WARNING * * *
The jackal bites you.
* * * LOW HITPOINT WARNING * * *
You completely miss the jackal. Your grab misses the jackal.
The jackal bites you.
* * * LOW HITPOINT WARNING * * *
You block the hobgoblin's attack.
Unknown command.
Okay, then.
You tentacle-slap the jackal but do no damage.
You grab the jackal.
You constrict the jackal, but do no damage.
The jackal completely misses you. You block the hobgoblin's attack.
The jackal barely misses you.
You barely miss the jackal. You squeeze the jackal.
You kill the jackal!
The hobgoblin hits you.
You die...

...!.....#..##..........
.....#.#................
.....#...##....?........
.........##.............
......#.......>.........
......#..(........##....
...................####
....................#
......†@.......?..#..
.##...g†..........#
#..#..........####
...............#
....##........## ...#
.......... ...
.......... ..
#..........


You could see a hobgoblin.

Vanquished Creatures
  A bat (D:1)
  An endoplasm (D:1)
  2 hobgoblins (D:1)
  3 jackals (D:1)
  A quokka (D:1)
8 creatures vanquished.

Notes
Turn   | Place    | Note
-------+----------+-------------------------------------------
     0 | D:1      | Bnni the Octopode Fighter began the quest for the Orb.
     0 | D:1      | Reached XP level 1. HP: 16/16 MP: 1/1
    68 | D:1      | Reached XP level 2. HP: 15/21 MP: 2/2
    73 | D:1      | HP: 1/21 [jackal (1)]
    75 | D:1      | Slain by a hobgoblin

Illustrated notes

Levels and vault maps discovered:
D:1:      dpeg_arrival_tiny_d, layout_rooms

Action                   || total
-------------------------++-------
Melee: Unarmed           ||    24
       Constrict         ||     6
       Tentacles         ||     4
       Punch             ||     1
Armor: Skin              ||     1
Dodge: Dodged            ||    20
Block: Buckler           ||     8

Table legend: (Time is in decaauts)
 A = Elapsed time spent in this place.
 B = Non-inter-level travel time spent in this place.
 C = Inter-level travel time spent in this place.
 D = Time resting spent in this place.
 E = Time spent auto-exploring this place.
 F = Levels seen in this place.
 G = Mean time per level.
                   A        B        C        D        E       F      G
               +--------+--------+--------+--------+--------+-----+--------+
         Total |     75 |     75 |      0 |      0 |     34 |   1 |   75.0 |
       Dungeon |     75 |     75 |      0 |      0 |     34 |   1 |   75.0 |
               +--------+--------+--------+--------+--------+-----+--------+

Top non-repeatable levels by time:
     D:1: 75 daAuts
